 Dungeon Crawl Stone Soup version 0.29-a0-330-g52719c12eb (webtiles) character file.

Game seed: 11229748232225737372

22 kae the Firebug (level 2, -3/20 HPs)
             Began as a Demigod Fire Elementalist on May 1, 2022.
             Slain by a kobold
             ... wielding a +1 short sword of speed
              (4 damage)
             ... on level 1 of the Dungeon.
             The game lasted 00:00:23 (875 turns).

kae the Firebug (Demigod Fire Elementalist)          Turns: 875, Time: 00:00:23

Health: -3/20      AC:  2    Str:  9    XL:     2   Next: 51%
Magic:  1/7        EV: 12    Int: 17    God:
Gold:   11         SH:  0    Dex: 14    Spells: 2/5 levels left

rFire   . . .      SeeInvis .   f - +0 club
rCold   . . .      Faith    .   (no shield)
rNeg    . . .      Spirit   .   a - +0 robe
rPois   .          Reflect  .   (no helmet)
rElec   .          Harm     .   (no cloak)
rCorr   .          Rampage  .   (no gloves)
Will    .....                   (no boots)
Stlth   ++........              (no amulet)
HPRegen 0.06/turn               (no ring)
MPRegen 0.10/turn               (no ring)

@: no status effects
A: high MP 1, forlorn, divine attributes
a: no special abilities


You were on level 1 of the Dungeon.
You visited 1 branch of the dungeon, and saw 1 of its levels.

You collected 11 gold pieces.

Inventory:

Hand Weapons
 f - a +0 club (weapon)
Armour
 a - a +0 robe (worn)
Scrolls
 e - a scroll of identify {unknown}
 i - a scroll of teleportation {unknown}
 k - a scroll of acquirement {unknown}
Potions
 b - a potion of magic
 c - a potion of berserk rage {unknown}
 d - a potion of heal wounds {unknown}
 g - a potion of might {unknown}
 h - a potion of flight {unknown}
 j - a potion of curing {unknown}


   Skills:
 - Level 1.7 Dodging
 - Level 1.7 Stealth
 + Level 2.1 Spellcasting
 + Level 1.5 Conjurations
 + Level 3.0 Fire Magic


You had 2 spell levels left.
You knew the following spells:

 Your Spells              Type           Power      Damage    Failure   Level
a - Foxfire               Conj/Fire      36%        2x1d5     8%          1
b - Scorch                Fire           24%        2d6       9%          2

Your spell library contained the following spells:

 Spells                   Type           Power      Damage    Failure   Level
 Conjure Flame            Conj/Fire      9%         6-21      22%         3
 Inner Flame              Hex/Fire       7%         N/A       30%         3
 Gell's Gravitas          Tloc           1%         N/A       50%         3
 Lesser Beckoning         Tloc           1%         N/A       50%         3
 Teleport Other           Tloc           1%         N/A       50%         3
 Flame Wave               Conj/Fire      9%         2d5       58%         4


Dungeon Overview and Level Annotations

Branches:
Dungeon (1/15)


Innate Abilities, Weirdness & Mutations

You have an increased reservoir of magic. (+10% MP)
You shall have no god before yourself.
Your divine heritage dramatically boosts your attributes as you level up.


Message History

The slug dart hits you.
A dart slug is nearby!
Casting: Foxfire (safe; 8% risk of failure)
Confirm with . or Enter, or press ? or * to list all spells.
You conjure some foxfire!
Your foxfire dissipates!
The foxfire hits the dart slug.
You kill the dart slug!
The kobold hits you with a +1 short sword of speed.
A kobold is nearby!
Casting: Foxfire (safe; 8% risk of failure)
Confirm with . or Enter, or press ? or * to list all spells.
You conjure some foxfire!
The kobold hits you with a +1 short sword of speed.
The foxfire hits the kobold.
The kobold is heavily wounded.
The kobold barely misses you.
The kobold hits you with a +1 short sword of speed.
A kobold is nearby!
Casting: Foxfire (safe; 8% risk of failure)
Confirm with . or Enter, or press ? or * to list all spells.
You don't have enough magic to cast this spell.
A kobold is nearby!
A kobold is nearby!
Casting: Foxfire (safe; 8% risk of failure)
Confirm with . or Enter, or press ? or * to list all spells.
You don't have enough magic to cast this spell.
You hit the kobold but do no damage.
The kobold is heavily wounded.
The kobold closely misses you. The kobold barely misses you.
You hit the kobold but do no damage.
The kobold is heavily wounded.
The kobold hits you with a +1 short sword of speed.
* * * LOW HITPOINT WARNING * * *
The kobold hits you with a +1 short sword of speed.
* * * LOW HITPOINT WARNING * * *
You hit the kobold.
The kobold is severely wounded.
The kobold hits you with a +1 short sword of speed.
You die...

## .######### .#
.#.......# .#
...#####.# .. #..##
#.# .# #...## #.# .#
###..# #.# .# #....#
#.# ###ยง# #..#.###.#
#.@v# .........#
##K###
...#.#########...####
....................+
...#.###.##......####
#..#.# #.##.........#
##.#.# #.........##.#
#.#.# #.........##[#
#.#.# #.........##.#


You could see a kobold (ally target).

Vanquished Creatures
  2 dart slugs (D:1)
  A ball python (D:1)
  2 endoplasms (D:1)
  2 giant cockroaches (D:1)
  4 goblins (D:1)
  2 bats (D:1)
  A frilled lizard (D:1)
  3 rats (D:1)
17 creatures vanquished.

Vanquished Creatures (collateral kills)
  A foxfire (D:1)
1 creature vanquished.

Vanquished Creatures (others)
  71 foxfires (D:1)
  4 toadstools (D:1)
75 creatures vanquished.

Grand Total: 93 creatures vanquished

Notes
Turn   | Place    | Note
-------+----------+-------------------------------------------
     0 | D:1      | kae the Demigod Fire Elementalist began the quest for the
                  | Orb.
     0 | D:1      | Reached XP level 1. HP: 14/14 MP: 5/5
    53 | D:1      | Reached skill level 1 in Conjurations
   317 | D:1      | Reached XP level 2. HP: 20/20 MP: 4/7
   393 | D:1      | Learned a level 2 spell: Scorch
   586 | D:1      | Reached skill level 3 in Fire Magic
   874 | D:1      | HP: 1/20 [kobold/+1 short sword of speed (2)]
   875 | D:1      | Slain by a kobold

Illustrated notes

Levels and vault maps discovered:
D:1:      ldierk_water_garden, layout_loops_corners

Skill      XL: |  1  2 |
---------------+-------+-----
Conjurations   | 1 |  1.5
Spellcasting   | 2 |  2.1
Fire Magic     | 3 |  3.0
Dodging        | |  1.7
Stealth        | |  1.7

Action                   || total
-------------------------++-------
Melee: Club              ||     5
 Cast: Foxfire           ||    44
Armor: Robe              ||     1
Dodge: Dodged            ||    14

Table legend: (Time is in decaauts)
 A = Elapsed time spent in this place.
 B = Non-inter-level travel time spent in this place.
 C = Inter-level travel time spent in this place.
 D = Time resting spent in this place.
 E = Time spent auto-exploring this place.
 F = Levels seen in this place.
 G = Mean time per level.
                   A        B        C        D        E       F      G
               +--------+--------+--------+--------+--------+-----+--------+
         Total |    878 |    878 |      0 |      0 |    740 |   1 |  878.0 |
       Dungeon |    878 |    878 |      0 |      0 |    740 |   1 |  878.0 |
               +--------+--------+--------+--------+--------+-----+--------+

Top non-repeatable levels by time:
     D:1: 878 daAuts
